 Dungeon Crawl Stone Soup version 0.24-a0-506-g958ff8eaa0 (webtiles) character file.

Game seed: 6033959613203622048

0 Gargoyl the Skirmisher (level 1, -2/19 HPs)
             Began as a Centaur Abyssal Knight on July 18, 2019.
             Was a Follower of Lugonu.
             Killed from afar by a raiju (9 damage)
             ... with a living lightning
             ... on level 2 of the Abyss.
             The game lasted 00:00:54 (180 turns).

Gargoyl the Skirmisher (Centaur Abyssal Knight)      Turns: 180, Time: 00:00:54

Health: -2/19      AC:  4    Str: 14    XL:     1   Next: 0%
Magic:  2/2        EV:  9    Int: 16    God:    Lugonu [*.....]
Gold:   40         SH:  0    Dex:  8    Spells: 0/0 levels left

rFire    . . .     SeeInvis .   a - +1 hand axe
rCold    . . .     Gourm    .   (no shield)
rNeg     . . .     Faith    .   b - +0 leather armour
rPois    .         Spirit   .   (no helmet)
rElec    .         Reflect  .   (no cloak)
rCorr    .         Harm     .   (no gloves)
MR       .....                  (no barding)
Stlth    ..........             (no amulet)
HPRegen  0.06/turn              d - +5 ring of intelligence
MPRegen  0.08/turn              (no ring)

@: very quick
A: large, hooves 3, deformed body, speed 2, tough skin 3
a: Depart the Abyss, Renounce Religion


You were on level 2 of the Abyss.
You worshipped Lugonu.
Lugonu was aware of your devotion.
You were not hungry.

You visited 0 branches of the dungeon, and saw 0 of its levels.
You visited the Abyss 1 time.

You collected 40 gold pieces.

Inventory:

Hand Weapons
 a - a +1 hand axe (weapon)
Armour
 b - a +0 leather armour (worn)
Jewellery
 d - a +5 ring of intelligence (left hand)
Scrolls
 e - a scroll of enchant armour {unknown}
Comestibles
 c - a ration


   Skills:
 + Level 3.0 Fighting
 + Level 1.7 Axes
 + Level 1.3 Armour
 + Level 0.6 Dodging
 + Level 2.0 Invocations


You couldn't memorise any spells.
You didn't know any spells.
Your spell library was empty.

Dungeon Overview and Level Annotations

Branches:
Dungeon (0/15)

Altars:


Innate Abilities, Weirdness & Mutations

You have hooves in place of feet.
Armour fits poorly on your strangely shaped body.
You cover ground very quickly.
You have extremely tough skin. (AC +3)


Message History

An ugly thing and 2 very ugly things come into view.
The purple very ugly thing gurgles horribly!
The purple ugly thing gurgles horribly!
The purple very ugly thing gurgles horribly!
The purple ugly thing basks in the mutagenic energy from its kin and changes!
A raiju comes into view.
The raiju barks!
You hear a bark!
Found a scroll labeled FABLAI PANOEGGA. 2 raiju come into view.
The raiju barks! x2; You hear a bark!
The raiju bursts into living lightning!
The living lightning hits you!
Ouch! That really hurt!
The raiju blinks!
Found 9 arrows.
You see here a scroll labeled FABLAI PANOEGGA.
e - a scroll labeled FABLAI PANOEGGA The raiju bursts into living lightning!
The living lightning hits you!
You die...

. #.#. .. #..##. ...
........ ..#. .... ##
##....#. . . ....# #. #
. ....... . .
.....##.##.#.. .. .## .
.......#...#.#.#.#..#...
....(.#.## ...#. ..#..#
.....h.h##....#... .. #
....ยง##@.#...##....
....
...##..#.##...###...# ..
.. #..# #.#...###..##.#.
.... .#. ..##.... .
....# .## .u..#.#..#.
.... #.....# ...#.. ...
#. .##.#.#.... ..
........##. . ## ..###
.....


You could see 2 raiju.

Vanquished Creatures (others)
  2 starspawn tentacles (Abyss:1)
2 creatures vanquished.

Notes
Turn   | Place    | Note
-------+----------+-------------------------------------------
     0 | Abyss:1  | Gargoyl the Centaur Abyssal Knight began the quest for the
                  | Orb.
     0 | Abyss:1  | Reached XP level 1. HP: 19/19 MP: 2/2
     7 | Abyss:1  | Noticed a tentacled monstrosity
    66 | Abyss:1  | Noticed a large abomination
    81 | Abyss:1  | Noticed a small abomination
    82 | Abyss:1  | Noticed a tentacled starspawn
   105 | Abyss:1  | Noticed a large abomination
   112 | Abyss:1  | Noticed a vampire
   117 | Abyss:1  | Noticed a raiju
   156 | Abyss:2  | Noticed a purple very ugly thing
   156 | Abyss:2  | Noticed a purple ugly thing
   156 | Abyss:2  | Noticed a purple very ugly thing
   176 | Abyss:2  | Noticed a raiju
   177 | Abyss:2  | Noticed a raiju
   177 | Abyss:2  | Noticed a raiju
   180 | Abyss:2  | Killed from afar by a raiju

Levels and vault maps discovered:
Abyss:2:  abyss_furniture_001

Action                   || total
-------------------------++-------
  Use: Scroll            ||     1
Dodge: Dodged            ||     1

Table legend:
 A = Non-vault XP
 B = Vault XP
 C = Vault XP percentage of total XP
 D = Non-vault monster count
 E = Vault monster count
 F = Vault count percentage of total count
                 A         B        C        D         E       F
            +---------+---------+-------+---------+---------+-------
      Total |       0 |       0 |   N/A |       0 |       0 |  -nan
            +---------+---------+-------+---------+---------+-------
            +---------+---------+-------+---------+---------+-------
